 Dungeon Crawl Stone Soup version 0.31-a0-187-gba352fbbf7 (webtiles) character file.

Game seed: 13259803033372099355

126 qw the Skirmisher (level 4, -1/25 HPs)
             Began as a Deep Elf Hunter on June 22, 2023.
             Slain by a gnoll bouda
             ... wielding a +0 whip
              (4 damage)
             ... on level 4 of the Dungeon.
             The game lasted 00:00:54 (1954 turns).

qw the Skirmisher (Deep Elf Hunter)                 Turns: 1954, Time: 00:00:54

Health: -1/25      AC:  5    Str: 10    XL:     4   Next: 83%
Magic:  6/6        EV: 11    Int: 14    God:
Gold:   193        SH:  5    Dex: 18    Spells: 3/3 levels left

rFire   . . .        Y - +1 orcbow
rCold   . . .        (shield currently unavailable)
rNeg    . . .        g - +0 ring mail
rPois   .            (no helmet)
rElec   .            (no cloak)
rCorr   +            (no gloves)
SInv    .            (no boots)
Will    .....        c - amulet of reflection
Stlth   +            e - ring of resist corrosion
HPRegen 0.24/turn    (no ring)
MPRegen 0.10/turn

%: reflection
@: no status effects
A: no striking features
a: no special abilities


You were on level 4 of the Dungeon.
You visited 1 branch of the dungeon, and saw 4 of its levels.

You collected 193 gold pieces.


   Skills:
 - Level 1.5 Fighting
 + Level 8.2 Ranged Weapons
 - Level 2.4 Dodging
 - Level 1.2 Stealth


You had 3 spell levels left.
You didn't know any spells.
Your spell library was empty.

Inventory:

Hand Weapons
 Y - a +1 orcbow (weapon)
Armour
 g - a +0 ring mail (worn)
Jewellery
 c - an amulet of reflection (around neck)
 e - a ring of resist corrosion (left hand)
Scrolls
 b - a scroll of identify
 k - 2 scrolls of teleportation
Potions
 a - a potion of mutation
 d - a potion of resistance
 h - a potion of curing

Dungeon Overview and Level Annotations

Branches:
Dungeon (4/15)
 Temple: D:4-7

Altars:
Kikubaaqudgha


Message History

The gnoll barely misses you.
You shoot an arrow. The arrow hits the gnoll.
You kill the gnoll!
1945 ||| Stepping ~*~*~tactically~*~*~ (outnumbered).
You shoot an arrow. The arrow hits the gnoll.
The gnoll is lightly wounded.
The gnoll hits you from afar with a +0 spear.
You shoot an arrow. The arrow hits the gnoll!
You kill the gnoll!
You block the gnoll bouda's attack.
You shoot an arrow.
The arrow closely misses the gnoll bouda.
Your attacks no longer feel as feeble.
The gnoll bouda barks out a call to the hunt!
The gnoll picks up the pace!
You shoot an arrow.
The arrow closely misses the gnoll bouda.
The gnoll barely misses you. The gnoll bouda barely misses you.
You shoot an arrow.
The arrow closely misses the gnoll bouda.
The gnoll bouda hits you with a +0 whip.
The gnoll closely misses you.
You shoot an arrow.
The arrow barely misses the gnoll bouda.
The gnoll bouda hits you with a +0 whip.
You block the gnoll's attack. The gnoll barely misses you.
The gnoll bouda hits you with a +0 whip.
You shoot an arrow.
The arrow closely misses the gnoll bouda.
The gnoll closely misses you. x2
The gnoll bouda hits you with a +0 whip.
You shoot an arrow. The arrow hits the gnoll bouda!
The gnoll bouda is heavily wounded.
You block the gnoll's attack. The gnoll completely misses you.
The gnoll bouda hits you but does no damage.
You shoot an arrow.
The arrow closely misses the gnoll bouda.
The gnoll hits you with a +0 flail! The gnoll closely misses you.
The gnoll bouda hits you with a +0 whip.
You die...

....#.#........
##...#...........
................
.....#......... .
#.......>.....
... ............<
###..#.#g........
......)g@........
######)#g........
#)..........
.....%#.######.
...#..#..
...#...#.. ..
#... ##. g.. ....
.# #. ..


You could see a gnoll bouda and 2 gnolls.

Vanquished Creatures
  4 gnolls
  3 adders (D:2)
  A dart slug (D:2)
  7 bats
  3 endoplasms
  5 giant cockroaches
  2 hobgoblins
  2 jackals (D:4)
  8 kobolds
  2 quokkas (D:1)
  6 ball pythons
  3 frilled lizards
  7 goblins
  5 rats
  A spectral kobold (D:3)
59 creatures vanquished.

Notes
Turn   | Place    | Note
-------+----------+-------------------------------------------
     0 | D:1      | qw the Deep Elf Hunter began the quest for the Orb.
     0 | D:1      | Reached XP level 1. HP: 12/12 MP: 3/3
     0 | D:1      | 0 ||| qw: Version: 0.3-a-9-g12657ce
     0 | D:1      | 0 ||| qw: Game counter: 2408
     0 | D:1      | 0 ||| qw: Always use a shield: true
     0 | D:1      | 0 ||| qw: God list: Okawaru
     0 | D:1      | 0 ||| qw: Allow faded altars: false
     0 | D:1      | 0 ||| qw: Do Orc after D:15 true
     0 | D:1      | 0 ||| qw: Do second Lair branch before Depths: true
     0 | D:1      | 0 ||| qw: Lair rune preference: random
     0 | D:1      | 0 ||| qw: Plans: Normal
     0 | D:1      | 0 ||| PLANNING D:1-11
   120 | D:1      | Reached skill level 6 in Ranged Weapons
   120 | D:1      | Reached XP level 2. HP: 16/16 MP: 4/4
   753 | D:1      | 753 ||| UPGRADING to +0 scale mail.
   763 | D:1      | 763 ||| DROPPING +0 leather armour.
   764 | D:1      | 764 ||| UPGRADING to +0 ring mail.
   774 | D:1      | 774 ||| DROPPING +0 scale mail.
   775 | D:1      | 775 ||| UPGRADING to ring of resist corrosion.
   776 | D:1      | 776 ||| READING scroll labelled VUIFAO HUHIUV.
   781 | D:1      | 781 ||| DRINKING 2 yellow potions.
   782 | D:1      | 782 ||| DROPPING scroll of butterflies.
   847 | D:2      | Reached XP level 3. HP: 20/20 MP: 5/5
   971 | D:2      | Reached skill level 7 in Ranged Weapons
  1221 | D:2      | Reached XP level 4. HP: 25/25 MP: 6/6
  1305 | D:2      | 1305 ||| UPGRADING to amulet of reflection.
  1310 | D:2      | 1310 ||| READING 2 scrolls labelled WAAWOD CEOXUSIPPI.
  1311 | D:2      | 1311 ||| READING scroll labelled SIMOYM ZIESS.
  1312 | D:2      | 1312 ||| READING scroll labelled LON XUYTWIFFE.
  1313 | D:2      | 1313 ||| READING scroll labelled YCOB TOIFIO.
  1392 | D:3      | 1392 ||| SWAPPING to +0 orcbow.
  1393 | D:3      | 1393 ||| DROPPING +0 shortbow.
  1488 | D:3      | Found a faded altar of an unknown god.
  1682 | D:3      | Found a faded altar of an unknown god.
  1686 | D:3      | Found an ancient bone altar of Kikubaaqudgha.
  1787 | D:3      | 1787 ||| READING scroll labelled ZETAEN QOIRY.
  1788 | D:3      | 1788 ||| READING scroll labelled VUTTOU IMNALI.
  1789 | D:3      | 1789 ||| READING 3 scrolls of identify.
  1789 | D:3      | 1789 ||| IDENTIFYING orange potion
  1790 | D:3      | 1790 ||| READING 2 scrolls of identify.
  1790 | D:3      | 1790 ||| IDENTIFYING smoky ruby potion
  1835 | D:4      | 1835 ||| STAIRDANCE
  1839 | D:4      | 1839 ||| STAIRDANCE
  1843 | D:4      | 1843 ||| STAIRDANCE
  1847 | D:4      | 1847 ||| STAIRDANCE
  1851 | D:4      | 1851 ||| STAIRDANCE
  1855 | D:4      | 1855 ||| STAIRDANCE
  1859 | D:4      | 1859 ||| STAIRDANCE
  1863 | D:4      | 1863 ||| STAIRDANCE
  1867 | D:4      | 1867 ||| STAIRDANCE
  1871 | D:4      | 1871 ||| STAIRDANCE
  1875 | D:4      | 1875 ||| STAIRDANCE
  1879 | D:4      | 1879 ||| STAIRDANCE
  1883 | D:4      | 1883 ||| STAIRDANCE
  1887 | D:4      | 1887 ||| STAIRDANCE
  1891 | D:4      | 1891 ||| STAIRDANCE
  1895 | D:4      | 1895 ||| STAIRDANCE
  1899 | D:4      | 1899 ||| STAIRDANCE
  1903 | D:4      | 1903 ||| STAIRDANCE
  1907 | D:4      | 1907 ||| STAIRDANCE
  1911 | D:4      | 1911 ||| STAIRDANCE
  1938 | D:4      | Reached skill level 8 in Ranged Weapons
  1945 | D:4      | 1945 ||| Stepping ~*~*~tactically~*~*~ (outnumbered).
  1954 | D:4      | HP: 3/25 [gnoll/+0 flail (7)]
  1954 | D:4      | Slain by a gnoll bouda

Levels and vault maps discovered:
D:1:      sevenhm_arrival_forest_fort_small_3, layout_basic, st_stairs_11
D:2:      layout_basic, minmay_misc_feat_roman, minmay_misc_feat_iff
D:3:      layout_rooms, nicolae_overflow_ecumenical_swirl,
          dreamdust_ecumenical_altar_drowned_temple, grunt_decor_cap
D:4:      layout_rooms

Skill      XL: |  1  2  3  4 |
---------------+-------------+-----
Ranged Weapons | 6 7 8 |  8.2
Fighting       | |  1.5
Dodging        | |  2.4
Stealth        | |  1.2

Action                     |  1- 3 |  4- 6 || total
---------------------------+-------+-------++-------
   Fire: Shortbow          |   111 |     7 ||   118
         Orcbow            |       |    47 ||    47
    Use: Scroll            |     1 |     8 ||     9
         Potion            |     1 |       ||     1
 Armour: Leather armour    |     3 |       ||     3
         Ring mail         |     9 |     7 ||    16
  Dodge: Dodged            |    24 |    14 ||    38
  Block: Other             |       |     9 ||     9

Table legend:
 A = Non-vault XP
 B = Vault XP
 C = Vault XP percentage of total XP
 D = Non-vault monster count
 E = Vault monster count
 F = Vault count percentage of total count
                 A         B        C        D         E       F
            +---------+---------+-------+---------+---------+-------
      Total |     171 |       9 |   5.0 |      53 |       6 |  10.2
            +---------+---------+-------+---------+---------+-------
        D:1 |      29 |       8 |  21.6 |      18 |       5 |  21.7
        D:2 |      66 |       0 |   0.0 |      18 |       0 |   0.0
        D:3 |      30 |       1 |   3.2 |      12 |       1 |   7.7
        D:4 |      46 |       0 |   0.0 |       5 |       0 |   0.0
            +---------+---------+-------+---------+---------+-------
